 Dungeon Crawl Stone Soup version 0.30-a0-883-g5ad918d77d (webtiles) character file.

Game seed: 11811722884187744670

49 EiAlmux the Conjurer (level 3, -2/19 HPs)
             Began as a Deep Elf Conjurer on Mar 16, 2023.
             Succumbed to a gnoll's poison
             ... on level 2 of the Dungeon.
             The game lasted 00:02:29 (2059 turns).

EiAlmux the Conjurer (Deep Elf Conjurer)            Turns: 2059, Time: 00:02:29

Health: -2/19      AC:  2    Str:  4    XL:     3   Next: 51%
Magic:  5/10       EV: 12    Int: 24    God:
Gold:   42         SH:  0    Dex: 13    Spells: 6/9 levels left

rFire   . . .      SeeInvis .    g - +0 dagger
rCold   . . .      Faith    .    (no shield)
rNeg    . . .      Spirit   .    a - +0 robe
rPois   .          Reflect  .    (no helmet)
rElec   .          Rampage  .    (no cloak)
rCorr   .                        (no gloves)
Will    .....                    (no boots)
Stlth   ++                       (no amulet)
HPRegen 0.23/turn                (no ring)
MPRegen 0.12/turn                (no ring)

@: lethally poisoned (-2 -> -21)
A: no striking features
a: no special abilities


You were on level 2 of the Dungeon.
You visited 1 branch of the dungeon, and saw 2 of its levels.

You collected 42 gold pieces.

Inventory:

Hand Weapons
 g - a +0 dagger (weapon)
Armour
 a - a +0 robe (worn)
Scrolls
 d - a scroll of identify
Potions
 b - a potion of magic
 e - a potion of lignification
 f - a potion of degeneration


   Skills:
 - Level 2.4 Dodging
 + Level 3.3 Stealth
 + Level 3.7 Spellcasting
 + Level 4.7 Conjurations
 + Level 2.0 Hexes


You had 6 spell levels left.
You knew the following spells:

 Your Spells              Type           Power      Damage    Failure   Level
a - Magic Dart            Conj           100%       1d8       1%          1
b - Searing Ray           Conj           54%        2d6       2%          2

Your spell library contained the following spells:

 Spells                   Type           Power      Damage    Failure   Level
 Dazzling Flash           Conj/Hex       40%        N/A       8%          3
 Fulminant Prism          Conj/Hex       10%        3d8       24%         4
 Iskenderun's Mystic Bla  Conj/Tloc      15%        2d5       36%         4


Dungeon Overview and Level Annotations

Branches:
Dungeon (2/15)

Altars:


Message History

It is a scroll of identify.
e - a potion of lignification
As you read the scroll of identify, it crumbles to dust.
f - a potion of degeneration You open the door.
Found a club.
There is an open door here.
You open the door.
There is an open door here.
You open the door. 3 gnolls come into view.
A gnoll is wielding a +1 whip of venom.
There is an open door here.
The gnoll shouts!
Casting: Magic Dart (safe; 1% risk of failure)
Confirm with . or Enter, or press ? or * to list all spells.
Aiming: Searing Ray (safe; 2% risk of failure)
Press: ? - help, Shift-Dir - straight line The searing ray hits the gnoll.
The gnoll is moderately wounded.
The searing ray misses the gnoll. (Press . to maintain the ray.)
The gnoll shouts!
You hear a bark!
The gnoll completely misses you.
The searing ray misses the gnoll.
The searing ray hits the gnoll!
The gnoll is heavily wounded.
The searing ray hits the gnoll!
You kill the gnoll!
The searing ray misses the gnoll.
The gnoll hits you with a +1 whip of venom.
Your Hexes skill increases to level 2!
The searing ray hits the gnoll!
The gnoll is severely wounded.
You finish channelling your searing ray.
The gnoll hits you with a +1 whip of venom!
You are lethally poisoned!
The gnoll attacks as you move away!
The gnoll hits you with a +1 whip of venom.
* * * LOW HITPOINT WARNING * * *
You are more poisoned.
You die...

....... ########
....... #......#
...#####
#......# .g.
#......# ....
#.)....# .....
#.....g###......
#......'gh......
#....@.###......
####'### .....
#.# .... #.# ###
#.# #.# #.# #.#
#############.#


You could see 2 gnolls and a jackal.

Vanquished Creatures
  A gnoll (D:2)
  A dart slug (D:1)
  5 ball pythons (D:1)
  3 bats (D:1)
  An endoplasm (D:1)
  2 hobgoblins (D:1)
  2 jackals (D:1)
  A quokka (D:1)
  14 frilled lizards (D:1)
  3 goblins (D:1)
  3 kobolds (D:1)
  4 rats (D:1)
40 creatures vanquished.

Vanquished Creatures (others)
  5 plants (D:1)
5 creatures vanquished.

Grand Total: 45 creatures vanquished

Notes
Turn   | Place    | Note
-------+----------+-------------------------------------------
     0 | D:1      | EiAlmux the Deep Elf Conjurer began the quest for the Orb.
     0 | D:1      | Reached XP level 1. HP: 10/10 MP: 6/6
   408 | D:1      | Reached skill level 1 in Hexes
   408 | D:1      | Reached XP level 2. HP: 15/15 MP: 2/8
   411 | D:1      | Learned a level 2 spell: Searing Ray
  1374 | D:1      | Reached XP level 3. HP: 19/19 MP: 6/10
  2059 | D:2      | Succumbed to a gnoll's poison

Illustrated notes

Levels and vault maps discovered:
D:1:      dpeg_arrival_tiny_j, layout_basic, minmay_lizard_king
D:2:      layout_basic

Skill      XL: |  1  2  3 |
---------------+----------+-----
Hexes          | 1 2 |  2.0
Stealth        | 3 |  3.3
Dodging        | |  2.4
Spellcasting   | |  3.7
Conjurations   | |  4.7

Action                     || total
---------------------------++-------
   Cast: Magic Dart        ||    54
         Searing Ray       ||     2
    Use: Scroll            ||     2
 Armour: Robe              ||     4
  Dodge: Dodged            ||     7

Table legend: (Time is in decaauts)
 A = Elapsed time spent in this place.
 B = Non-inter-level travel time spent in this place.
 C = Inter-level travel time spent in this place.
 D = Time resting spent in this place.
 E = Time spent auto-exploring this place.
 F = Levels seen in this place.
 G = Mean time per level.
                   A        B        C        D        E       F      G
               +--------+--------+--------+--------+--------+-----+--------+
         Total |   2058 |   1855 |    203 |      0 |   1706 |   2 | 1029.0 |
       Dungeon |   2058 |   1855 |    203 |      0 |   1706 |   2 | 1029.0 |
               +--------+--------+--------+--------+--------+-----+--------+

Top non-repeatable levels by time:
     D:1: 1998 daAuts
     D:2: 59 daAuts
